WLB
CHICAGO CUBS @ DETROIT TIGERS
04/03/2024
 
TOP OF THE 1ST
Chicago Cubs batting - Pitching for Detroit Tigers : RHP Tyler Mahle
Pitching: RHP Tyler Mahle
Batting: RHB Tim Locastro 0-0: Called Strike
0-1: Called Strike
0-2: Ball
1-2: Ball
2-2: DOUBLE (Groundball, 5L, EV 100.6 MPH)
Batting: RHB Tim Anderson 0-0: Ball
1-0: Fly out, F7 (Flyball, 78M, EV 98.1 MPH)
Batting: RHB Aaron Judge 0-0: Ball
1-0: Ball
2-0: Ball
3-0: Base on Balls
Batting: RHB Randal Grichuk 0-0: Ball
1-0: Foul Ball, location: 9LSFF
1-1: Called Strike
1-2: Strikes out swinging
Batting: LHB Jesse Winker 0-0: Called Strike
0-1: Ball
1-1: Ball
2-1: Ball
3-1: Base on Balls
Tim Locastro to third
Aaron Judge to second
Batting: RHB Miguel Andujar 0-0: Called Strike
0-1: Fielders Choice at 2nd, 6-4 (Groundball, 6, EV 69.4 MPH)
Top of the 1st over - 0 runs, 1 hit, 0 errors, 3 left on base; Chicago 0 - Detroit 0
BOTTOM OF THE 1ST
Detroit Tigers batting - Pitching for Chicago Cubs : LHP Bailey Falter
Pitching: LHP Bailey Falter
Batting: RHB Tyler Freeman 0-0: Called Strike
0-1: Ball
1-1: Foul Ball, location: 9LSF
1-2: Ball
2-2: Foul Ball, location: 9LSF
2-2: Ball
3-2: Ground out 4-3 (Groundball, 4, EV 86.9 MPH)
Batting: LHB Michael Harris II 0-0: Ball
1-0: Ball
2-0: Ball
3-0: Called Strike
3-1: Foul Ball, location: 7LSF
3-2: SINGLE (Groundball, 56S, EV 70.6 MPH) (infield hit)
Batting: RHB Spencer Steer 0-0: Ball
1-0: Swinging Strike
1-1: Swinging Strike
1-2: Ball
2-2: Strikes out swinging
Batting: RHB Miguel Sano 0-0: Ball
Michael Harris II steals 2nd base
1-0: Called Strike
1-1: Foul Ball, location: 7LMF
1-2: Strikes out swinging
Bottom of the 1st over - 0 runs, 1 hit, 0 errors, 1 left on base; Chicago 0 - Detroit 0
TOP OF THE 2ND
Chicago Cubs batting - Pitching for Detroit Tigers : RHP Tyler Mahle
Batting: LHB Rafael Ortega 0-0: Ball
1-0: Foul Ball, location: 3F
1-1: Called Strike
1-2: SINGLE (Groundball, 6MD, EV 100.6 MPH)
Batting: RHB Miguel Amaya 0-0: Ball
1-0: Bunt missed!
1-1: Bunt missed!
1-2: Foul Ball, location: 7LSF
1-2: Fielders Choice at 2nd, 6-4 (Groundball, 56, EV 96.3 MPH)
Batting: LHB Kyle Holder 0-0: Ball
1-0: Ball
2-0: Reached on error, E4 (Groundball, 34D, EV 101.3 MPH)
Miguel Amaya to second
Batting: RHB Tim Locastro 0-0: Ball
1-0: Ball
2-0: Ball
3-0: Called Strike
3-1: Base on Balls
Miguel Amaya to third
Kyle Holder to second
Batting: RHB Tim Anderson 0-0: Ball
1-0: Reached on error, E6 (Groundball, 6, EV 105.0 MPH)
Miguel Amaya scores
Kyle Holder to third
Tim Locastro to second
Batting: RHB Aaron Judge 0-0: Foul Ball, location: 2F
0-1: Foul Ball, location: 9LDF
0-2: Ball
1-2: Ball
2-2: Foul Ball, location: 2RF
2-2: Ball
3-2: Foul Ball, location: 2F
3-2: Base on Balls
Kyle Holder scores
Tim Locastro to third
Tim Anderson to second
Batting: RHB Randal Grichuk 0-0: Foul Ball, location: 2F
0-1: Hit by Pitch
Tim Locastro scores
Tim Anderson to third
Aaron Judge to second
Batting: LHB Jesse Winker 0-0: Ball
1-0: Ball
2-0: Called Strike
2-1: Ball
3-1: Foul Ball, location: 2LF
3-2: Foul Ball, location: 7LMF
3-2: Base on Balls
Tim Anderson scores
Aaron Judge to third
Randal Grichuk to second
Batting: RHB Miguel Andujar 0-0: Called Strike
0-1: Ball
1-1: Ball
2-1: Swinging Strike
2-2: Ball
3-2: Foul Ball, location: 5DF
3-2: Foul Ball, location: 25F
3-2: Foul Ball, location: 2F
3-2: Fly out, F8 (Flyball, 8LM, EV 92.5 MPH)
Runner from 3rd tags up, OUT at HOME! 8-2
Top of the 2nd over - 4 runs, 1 hit, 2 errors, 2 left on base; Chicago 4 - Detroit 0
BOTTOM OF THE 2ND
Detroit Tigers batting - Pitching for Chicago Cubs : LHP Bailey Falter
Batting: RHB Yainer Diaz 0-0: Called Strike
0-1: Called Strike
0-2: Fly out, F7 (Flyball, 7, EV 87.5 MPH)
Batting: RHB Chas McCormick 0-0: Ball
1-0: Ball
2-0: Called Strike
2-1: Foul Ball, location: 9LDF
2-2: Fly out, F7 (Line Drive, 7S, EV 105.0 MPH)
Batting: RHB Josh Jung 0-0: Ball
1-0: Ground out 4-3 (Groundball, 4, EV 81.9 MPH)
Bottom of the 2nd over - 0 runs, 0 hits, 0 errors, 0 left on base; Chicago 4 - Detroit 0
TOP OF THE 3RD
Chicago Cubs batting - Pitching for Detroit Tigers : RHP Tyler Mahle
Batting: LHB Rafael Ortega 0-0: Ball
1-0: Ball
2-0: Called Strike
2-1: Ball
3-1: Base on Balls
Batting: RHB Miguel Amaya 0-0: Foul Ball, location: 5DF
0-1: Foul Ball, location: 9LDF
0-2: Ball
1-2: Fly out, F2 (Popup, 2RF, EV 93.1 MPH)
Batting: LHB Kyle Holder 0-0: Foul Ball, location: 2F
0-1: Fly out, F9 (Line Drive, 9S, EV 94.4 MPH)
Batting: RHB Tim Locastro 0-0: SINGLE (Groundball, 13S, EV 73.8 MPH) (infield hit)
Rafael Ortega to second
Batting: RHB Tim Anderson 0-0: Foul Ball, location: 9LSF
0-1: Ball
1-1: Ball
2-1: Called Strike
2-2: Ball
3-2: Ground out 6-3 (Groundball, 56, EV 103.1 MPH)
Top of the 3rd over - 0 runs, 1 hit, 0 errors, 2 left on base; Chicago 4 - Detroit 0
BOTTOM OF THE 3RD
Detroit Tigers batting - Pitching for Chicago Cubs : LHP Bailey Falter
Batting: RHB Jordan Walker 0-0: SINGLE (Groundball, 56, EV 81.9 MPH) (infield hit)
Batting: RHB Dansby Swanson 0-0: Called Strike
0-1: Foul Ball, location: 2F
0-2: Ball
1-2: Strikes out swinging
Batting: RHB Tyler Freeman 0-0: SINGLE (Groundball, 56, EV 79.4 MPH) (infield hit)
Jordan Walker to second
Batting: LHB Michael Harris II 0-0: Ball
1-0: Swinging Strike
1-1: Ball
2-1: Ball
3-1: Base on Balls
Jordan Walker to third
Tyler Freeman to second
Batting: RHB Spencer Steer 0-0: Ball
1-0: Ball
2-0: DOUBLE (Line Drive, 8LXD, EV 96.9 MPH)
Jordan Walker scores
Tyler Freeman scores
Michael Harris II to third
Runner from 3rd tries for Home, SAFE, throw by CF to trailing runner, SAFE at third!
Batting: RHB Miguel Sano 0-0: Called Strike
0-1: Ball
1-1: Ball
2-1: Ball
3-1: 2-RUN HOME RUN (Flyball, 7LD, EV 93.1 MPH), Distance : 365 ft
Batting: RHB Yainer Diaz 0-0: Foul Ball, location: 5F
0-1: Ground out 5-3 (Groundball, 5S, EV 82.5 MPH)
Batting: RHB Chas McCormick 0-0: Foul Ball, location: 2F
0-1: Ball
1-1: Ball
2-1: Ball
3-1: Base on Balls
Pitching: RHP Forrest Whitley
Batting: RHB Josh Jung 0-0: Called Strike
0-1: Called Strike
Chas McCormick steals 2nd base
0-2: Foul Ball, location: 2F
0-2: Foul Ball, location: 3DF
0-2: Ball
1-2: Ground out 6-3 (Groundball, 6, EV 81.3 MPH)
Bottom of the 3rd over - 5 runs, 4 hits, 0 errors, 1 left on base; Chicago 4 - Detroit 5
TOP OF THE 4TH
Chicago Cubs batting - Pitching for Detroit Tigers : RHP Tyler Mahle
Batting: RHB Aaron Judge 0-0: Ball
1-0: Called Strike
1-1: Ball
2-1: Ball
3-1: Base on Balls
Batting: RHB Randal Grichuk 0-0: Grounds into double play, 4-6-3 (Groundball, 4, EV 86.9 MPH)
Batting: LHB Jesse Winker 0-0: Ball
1-0: Ground out 6-3 (Groundball, 6, EV 75.6 MPH)
Top of the 4th over - 0 runs, 0 hits, 0 errors, 0 left on base; Chicago 4 - Detroit 5
BOTTOM OF THE 4TH
Detroit Tigers batting - Pitching for Chicago Cubs : RHP Forrest Whitley
Batting: RHB Jordan Walker 0-0: Called Strike
0-1: SINGLE (Line Drive, 6D, EV 106.3 MPH)
Batting: RHB Dansby Swanson 0-0: Ball
Jordan Walker steals 2nd base
1-0: Fly out, F7 (Flyball, 7D, EV 100.6 MPH)
Runner from 2nd tags up, SAFE at 3rd, no throw by LF
Batting: RHB Tyler Freeman 0-0: Called Strike
0-1: Swinging Strike
0-2: Strikes out swinging
Batting: LHB Michael Harris II 0-0: Called Strike
0-1: Ball
1-1: Called Strike
1-2: Ground out 4-3 (Groundball, 4, EV 75.6 MPH)
Bottom of the 4th over - 0 runs, 1 hit, 0 errors, 1 left on base; Chicago 4 - Detroit 5
TOP OF THE 5TH
Chicago Cubs batting - Pitching for Detroit Tigers : RHP Tyler Mahle
Pitching: RHP Zach Pop
Batting: RHB Miguel Andujar 0-0: Ball
1-0: SINGLE (Line Drive, 6D, EV 98.8 MPH)
Batting: LHB Rafael Ortega 0-0: Grounds into double play, 4-6-3 (Groundball, 4, EV 105.0 MPH)
Batting: RHB Miguel Amaya 0-0: Reached on error, E6 (Groundball, 6, EV 86.9 MPH)
Batting: LHB Kyle Holder 0-0: Ball
1-0: Ball
2-0: Fly out, F5 (Popup, 25, EV 90.6 MPH)
Top of the 5th over - 0 runs, 1 hit, 1 error, 1 left on base; Chicago 4 - Detroit 5
BOTTOM OF THE 5TH
Detroit Tigers batting - Pitching for Chicago Cubs : RHP Forrest Whitley
Batting: RHB Spencer Steer 0-0: Ball
1-0: Ball
2-0: Ball
3-0: Base on Balls
Batting: RHB Miguel Sano 0-0: Swinging Strike
0-1: SINGLE (Groundball, 3S, EV 67.5 MPH) (infield hit)
Spencer Steer to second
Batting: RHB Yainer Diaz 0-0: Ball
1-0: SINGLE (Line Drive, 7S, EV 95.0 MPH)
Spencer Steer to third
Miguel Sano to second
Batting: RHB Chas McCormick 0-0: Called Strike
0-1: Ball
1-1: Swinging Strike
1-2: Foul Ball, location: 9LSF
1-2: Fly out, F9 (Line Drive, 9, EV 100.0 MPH)
Runner from 3rd tags up, SCORES, throw by RF
Miguel Sano to third
Batting: RHB Josh Jung 0-0: Ball
1-0: Fly out, F8 (Flyball, 8LD, EV 106.3 MPH)
Runner from 3rd tags up, SCORES, throw by CF
Batting: RHB Jordan Walker 0-0: Ball
1-0: Foul Ball, location: 7LSF
1-1: Called Strike
1-2: Fly out, F4 (Line Drive, 4, EV 66.3 MPH)
Bottom of the 5th over - 2 runs, 2 hits, 0 errors, 1 left on base; Chicago 4 - Detroit 7
TOP OF THE 6TH
Chicago Cubs batting - Pitching for Detroit Tigers : RHP Zach Pop
Batting: RHB Tim Locastro 0-0: Called Strike
0-1: Foul Ball, location: 2F
0-2: DOUBLE (Groundball, 5L, EV 101.9 MPH)
Batting: RHB Tim Anderson 0-0: Ball
1-0: Fly out, F8 (Flyball, 8RM, EV 96.3 MPH)
Batting: RHB Aaron Judge 0-0: Ball
1-0: Foul Ball, location: 2F
1-1: Foul Ball, location: 2F
1-2: Strikes out looking
Batting: RHB Randal Grichuk 0-0: SINGLE (Line Drive, 56D, EV 109.4 MPH)
Tim Locastro to third
Runner from 3rd tries for Home, SAFE, throw by LF to home
Batting: LHB Jesse Winker 0-0: Called Strike
0-1: Fly out, F8 (Flyball, 8LXD, EV 111.3 MPH)
Top of the 6th over - 1 run, 2 hits, 0 errors, 1 left on base; Chicago 5 - Detroit 7
BOTTOM OF THE 6TH
Detroit Tigers batting - Pitching for Chicago Cubs : RHP Forrest Whitley
Batting: RHB Dansby Swanson 0-0: Called Strike
0-1: Ball
1-1: Reached on error, E5 (Groundball, 56, EV 103.1 MPH)
Pitching: RHP Brendan White
Batting: RHB Tyler Freeman 0-0: Ground out 6-3 (Groundball, 6MS, EV 86.9 MPH)
Dansby Swanson to second
Batting: LHB Michael Harris II 0-0: Called Strike
0-1: Ground out 5-3 (Groundball, 5L, EV 88.1 MPH)
Dansby Swanson to third
Batting: RHB Spencer Steer 0-0: Ball
1-0: SINGLE (Line Drive, 78S, EV 104.4 MPH)
Dansby Swanson scores
Batting: RHB Miguel Sano 0-0: Fly out, F5 (Popup, 5D, EV 77.5 MPH)
Bottom of the 6th over - 1 run, 1 hit, 1 error, 1 left on base; Chicago 5 - Detroit 8
TOP OF THE 7TH
Chicago Cubs batting - Pitching for Detroit Tigers : RHP Zach Pop
Batting: RHB Miguel Andujar 0-0: Ball
1-0: Called Strike
1-1: Foul Ball, location: 2F
1-2: Strikes out looking
Batting: LHB Rafael Ortega 0-0: Called Strike
0-1: Ball
1-1: Foul Ball, location: 2F
1-2: Strikes out looking
Batting: RHB Miguel Amaya 0-0: Ball
1-0: Ball
2-0: Called Strike
2-1: Foul Ball, location: 9LDF
2-2: Ball
3-2: Ground out 5-3 (Groundball, 5S, EV 71.3 MPH)
Top of the 7th over - 0 runs, 0 hits, 0 errors, 0 left on base; Chicago 5 - Detroit 8
BOTTOM OF THE 7TH
Detroit Tigers batting - Pitching for Chicago Cubs : RHP Brendan White
Batting: RHB Yainer Diaz 0-0: Ball
1-0: Foul Ball, location: 2F
1-1: Ball
2-1: Swinging Strike
2-2: Foul Ball, location: 23FF
2-2: Foul Ball, location: 2F
2-2: Foul Ball, location: 2F
2-2: Ball
3-2: Strikes out looking
Batting: RHB Chas McCormick 0-0: Called Strike
0-1: Ground out 6-3 (Groundball, 6M, EV 85.6 MPH)
Batting: RHB Josh Jung 0-0: Ball
1-0: Ball
2-0: Ball
3-0: Called Strike
3-1: Base on Balls
Batting: RHB Jordan Walker 0-0: Fly out, F9 (Flyball, 9LSF, EV 95.0 MPH)
Bottom of the 7th over - 0 runs, 0 hits, 0 errors, 1 left on base; Chicago 5 - Detroit 8
TOP OF THE 8TH
Chicago Cubs batting - Pitching for Detroit Tigers : RHP Zach Pop
Pitching: RHP Dylan Floro
Batting: LHB Kyle Holder 0-0: Called Strike
0-1: Ball
1-1: Swinging Strike
1-2: Ball
2-2: SINGLE (Line Drive, 4MD, EV 103.1 MPH)
Batting: RHB Tim Locastro 0-0: Called Strike
0-1: Ball
1-1: Ball
2-1: Fly out, F9 (Flyball, 89M, EV 96.3 MPH)
Batting: RHB Tim Anderson 0-0: Ball
1-0: Called Strike
1-1: Ball
2-1: SINGLE (Groundball, 4MD, EV 100.0 MPH)
Kyle Holder to second
Batting: RHB Aaron Judge 0-0: Called Strike
0-1: Ball
1-1: Called Strike
1-2: Ball
2-2: Strikes out swinging
Batting: RHB Randal Grichuk 0-0: Swinging Strike
0-1: Ball
1-1: Foul Ball, location: 2F
1-2: Strikes out swinging
Top of the 8th over - 0 runs, 2 hits, 0 errors, 2 left on base; Chicago 5 - Detroit 8
BOTTOM OF THE 8TH
Detroit Tigers batting - Pitching for Chicago Cubs : RHP Brendan White
Batting: RHB Dansby Swanson 0-0: Ball
1-0: Foul Ball, location: 9LSF
1-1: Ball
2-1: Ball
3-1: Foul Ball, location: 25F
3-2: SINGLE (Groundball, 6M, EV 82.5 MPH) (infield hit)
Pitching: RHP Ryan Loutos
Pinch Runner at 1st Josh Naylor:
Batting: RHB Tyler Freeman 0-0: Ball
1-0: Called Strike
1-1: Ball
2-1: Ball
3-1: Called Strike
3-2: Foul Ball, location: 9LMF
3-2: Foul Ball, location: 7LMF
3-2: Foul Ball, location: 7LMF
3-2: Base on Balls
Josh Naylor to second
Batting: LHB Michael Harris II 0-0: Foul Ball, location: 2F
0-1: Called Strike
0-2: Strikes out swinging
Batting: RHB Spencer Steer 0-0: Ball
1-0: Foul Ball, location: 25F
1-1: Foul Ball, location: 9LDF
1-2: Foul Ball, location: 2F
1-2: Ball
2-2: Strikes out swinging
Batting: RHB Miguel Sano 0-0: Ball
1-0: Foul Ball, location: 2F
1-1: Ball
2-1: Swinging Strike
2-2: Foul Ball, location: 2F
2-2: Foul Ball, location: 2F
2-2: Fly out, F8 (Flyball, 8LM, EV 98.8 MPH)
Bottom of the 8th over - 0 runs, 1 hit, 0 errors, 2 left on base; Chicago 5 - Detroit 8
TOP OF THE 9TH
Chicago Cubs batting - Pitching for Detroit Tigers : RHP Dylan Floro
Pitching: RHP Felix Bautista
Now at C: Gabriel Moreno
Now at SS: Nico Hoerner
Now in CF: Brandon Marsh
Now in RF: Michael Harris II
Batting: LHB Jesse Winker 0-0: Ball
1-0: Ball
2-0: Swinging Strike
2-1: Ball
3-1: Base on Balls
Batting: RHB Miguel Andujar 0-0: Ball
1-0: Ball
2-0: Foul Ball, location: 23FF
2-1: Foul Ball, location: 9LSF
2-2: Foul Ball, location: 2F
2-2: Foul Ball, location: 3F
2-2: Foul Ball, location: 9LMF
2-2: Ball
3-2: Base on Balls
Jesse Winker to second
Batting: LHB Rafael Ortega 0-0: Ball
1-0: Called Strike
1-1: Fielders Choice at 2nd, 3-6 (Groundball, 34, EV 87.5 MPH)
Jesse Winker to third
Pinch Hitting: SHB Brayan Rocchio 0-0: Foul Ball, location: 25F
0-1: Ball
1-1: DOUBLE (Line Drive, 9LS, EV 103.8 MPH)
Jesse Winker scores
Rafael Ortega to third
Batting: LHB Kyle Holder 0-0: Called Strike
0-1: Called Strike
0-2: Fly out, F8 (Flyball, 8LM, EV 87.5 MPH)
Pitching: RHP Jonathan Loaisiga
Batting: RHB Tim Locastro 0-0: Ground out 6-3 (Groundball, 6, EV 81.9 MPH)
Top of the 9th over - 1 run, 1 hit, 0 errors, 2 left on base; Chicago 6 - Detroit 8
Sunday, January 28th , 2024 - OOTP Baseball 24.11 Build 85